 Dungeon Crawl Stone Soup version 0.20-a0-433-g9e36e56 (webtiles) character file.

2849 Faca the Fighter (level 9, -3/80 (82) HPs)
             Began as a Minotaur Fighter on Jan 3, 2017.
             Was a Follower of Okawaru.
             Slain by a two-headed ogre
             ... wielding a +0 giant club
              (13 damage)
             ... on level 8 of the Dungeon.
             The game lasted 00:15:16 (5696 turns).

Faca the Fighter (Minotaur Fighter)                 Turns: 5696, Time: 00:15:16

HP:   -3/80 (82)    AC: 16    Str: 21    XL:     9   Next: 46%
MP:   8/8           EV:  5    Int:  5    God:    Okawaru [*.....]
Gold: 330           SH: 11    Dex: 13    Spells: 8/8 levels left

rFire  + . .     SeeInvis .     F - +7 war axe "Seohuts" {chop, rElec}
rCold  x . .     Gourm    +     h - +0 plate armour
rNeg   . . .     Faith    .     v - +0 shield
rPois  .         Spirit   .     G - +1 hat
rElec  +         Reflect  .     (no cloak)
rCorr  +         Harm     .     x - +0 pair of gloves
MR     .....                    (no boots)
Stlth  ..........               m - amulet of the gourmand
                                t - ring of resist corrosion
                                l - ring of fire

@: no status effects
A: retaliatory headbutt, horns 2
a: Heroism, Renounce Religion


You were on level 8 of the Dungeon.
You worshipped Okawaru.
Okawaru was aware of your devotion.
You were very full.

You visited 2 branches of the dungeon, and saw 9 of its levels.

You collected 627 gold pieces.
You spent 297 gold pieces at shops.

Inventory:

Hand Weapons
 b - a +1 morningstar
 i - a +5 flail
 F - the +7 war axe "Seohuts" (weapon) {chop, rElec}
   (You bought it in a shop on level 8 of the Dungeon)

   It inflicts extra damage upon your enemies.
   It insulates you from electricity.
 H - the +1 rapier of Callousness {flame, -Tele rF+++ SInv}
   (You found it on level 8 of the Dungeon)

   It has been specially enchanted to burn those struck by it, causing extra
   injury to most foes and up to half again as much damage against particularly
   susceptible opponents.
   It renders you almost immune to fire.
   It lets you see invisible.
   It prevents most forms of teleportation.
Armour
 h - a +0 plate armour (worn)
 v - a +0 shield (worn)
 x - a +0 pair of gloves (worn)
 G - a +1 hat (worn)
Jewellery
 l - a ring of fire (left hand)
 m - an amulet of the gourmand (around neck)
 t - a ring of resist corrosion (right hand)
 D - a cursed amulet of inaccuracy {unknown}
Wands
 s - a wand of enslavement (24/24)
 y - a wand of lightning (10/15)
 I - a wand of iceblast (8/15)
Scrolls
 c - a scroll of enchant weapon
 p - 2 scrolls of magic mapping
 u - 3 scrolls of remove curse
 w - 3 scrolls of teleportation
 E - a scroll of amnesia
Potions
 a - a potion of resistance
 d - a potion of might
 e - 2 potions of brilliance
 j - 3 potions of invisibility
 n - 2 potions of cure mutation {unknown}
 r - a potion of haste
 z - a potion of cancellation {unknown}
 A - a potion of curing {unknown}
 B - a potion of magic {unknown}
Comestibles
 f - 4 bread rations
 g - a slice of pizza
 k - 5 meat rations
 o - a royal jelly
 q - 4 beef jerkies
 C - 5 fruits


   Skills:
 + Level 8.8 Fighting
 + Level 8.1 Maces & Flails
 + Level 8.5 Armour
 + Level 8.8 Shields


You had 8 spell levels left.
You didn't know any spells.

Dungeon Overview and Level Annotations

Branches:
Dungeon (8/15)             Temple (1/1) D:7
   Lair: D:8-11

Altars:
Ashenzari
Cheibriados
Fedhas
Hepliaklqana
Kikubaaqudgha
Makhleb
Nemelex Xobeh
Okawaru
Sif Muna
Trog
Uskayaw
Xom

Shops:
D:8 [*([


Innate Abilities, Weirdness & Mutations

You reflexively headbutt those who attack you in melee.
You have a pair of horns on your head.


Message History

You slash the two-headed ogre! You headbutt the two-headed ogre.
The two-headed ogre is almost dead.
The two-headed ogre hits you with a giant club.
* * * LOW HITPOINT WARNING * * *
The two-headed ogre hits you but does no damage.
You barely miss the two-headed ogre.
Your headbutt misses the two-headed ogre.
The two-headed ogre is almost dead.
You block the two-headed ogre's attack.
The two-headed ogre hits you with a dire flail!
* * * LOW HITPOINT WARNING * * *
You hit the two-headed ogre.
You headbutt the two-headed ogre, but do no damage.
The two-headed ogre is almost dead.
The two-headed ogre hits you but does no damage. x2
Your plate armour prevents you from hitting the two-headed ogre.
You headbutt the two-headed ogre.
The two-headed ogre is almost dead.
The two-headed ogre hits you with a giant club!
You die...

# #[#
#[#
####.#
#
#....#
##
##.####
.##
#..#
..#
#.##
..#
##.#
..#
#@.#
..#
#.O.##
..#
....###
..#
#####
.##
......
#####.


You could see a two-headed ogre.

Vanquished Creatures
  Maurice (D:8)
  Grinder (D:5)
  A hungry ghost (D:7)
  An ice beast (D:8)
  A sky beast (D:7)
  5 necrophages (D:6)
  An orc warrior (D:5)
  3 ogres
  A phantom (D:8)
  2 wolves (D:8)
  4 centaurs
  2 bullfrogs (D:6)
  A crimson imp (D:6)
  A bullfrog skeleton (D:7)
  2 hounds
  An orc priest (D:6)
  2 orc wizards (D:4)
  An iguana (D:8)
  Terence (D:3)
  2 worker ants
  A bullfrog simulacrum (D:8)
  2 hound skeletons
  A worker ant zombie (D:6)
  A howler monkey skeleton (D:4)
  10 adders
  2 shadow imps (D:5)
  A white imp (D:8)
  An adder zombie (D:8)
  3 worms
  A dart slug (D:2)
  3 leopard geckos
  10 orcs
  2 giant cockroaches
  5 goblins (D:2)
  6 hobgoblins
  4 jackals
  12 kobolds
  2 quokkas
  4 bats
  4 frilled lizards
  2 giant cockroach zombies (D:6)
  A leopard gecko skeleton (D:6)
  9 rats
121 creatures vanquished.

Vanquished Creatures (others)
  A giant cockroach (D:8)
  A bush (D:6)
  4 plants (D:6)
6 creatures vanquished.

Grand Total: 127 creatures vanquished

Notes
Turn   | Place    | Note
-------+----------+-------------------------------------------
     0 | D:1      | Faca the Minotaur Fighter began the quest for the Orb.
     0 | D:1      | Reached XP level 1. HP: 19/19 MP: 0/0
   204 | D:1      | Reached XP level 2. HP: 26/27 MP: 1/1
   620 | D:2      | Reached XP level 3. HP: 31/33 MP: 2/2
  1175 | D:2      | Reached XP level 4. HP: 41/41 MP: 3/3
  1211 | D:2      | Noticed a moth of wrath
  1214 | D:2      | Found a bloodstained altar of Trog.
  1542 | D:3      | Noticed Terence
  1544 | D:3      | Found a shattered altar of Ashenzari.
  1550 | D:3      | Killed Terence
  1676 | D:3      | Reached skill level 5 in Fighting
  1867 | D:3      | Reached XP level 5. HP: 45/48 MP: 4/4
  2020 | D:3      | Found a hide-covered altar of Uskayaw.
  2020 | D:3      | Found an ancient bone altar of Kikubaaqudgha.
  2350 | D:4      | Reached skill level 5 in Shields
  2402 | D:4      | Noticed an ogre
  2408 | D:4      | Killed an ogre
  2408 | D:4      | Reached skill level 5 in Armour
  2408 | D:4      | Reached XP level 6. HP: 21/56 MP: 5/5
  2724 | D:4      | Found a shimmering altar of Xom.
  2725 | D:4      | Found a hazy altar of Hepliaklqana.
  2725 | D:4      | Noticed a yak
  2726 | D:4      | Noticed a yak
  2726 | D:4      | Noticed a spectral ugly thing
  3160 | D:5      | Entered Level 5 of the Dungeon
  3200 | D:5      | Found Vuodd's Assorted Antiques.
  3335 | D:5      | Reached skill level 5 in Maces & Flails
  3554 | D:5      | Noticed Grinder
  3569 | D:5      | Killed Grinder
  3569 | D:5      | Reached XP level 7. HP: 60/63 MP: 6/6
  3700 | D:6      | Found a deep blue altar of Sif Muna.
  4104 | D:6      | Found a blossoming altar of Fedhas.
  4174 | D:6      | Reached XP level 8. HP: 70/71 MP: 7/7
  4226 | D:6      | Found a blossoming altar of Fedhas.
  4405 | D:6      | Found a snail-covered altar of Cheibriados.
  4545 | D:6      | Found a sparkling altar of Nemelex Xobeh.
  4846 | D:7      | Found a staircase to the Ecumenical Temple.
  4855 | Temple   | Entered the Ecumenical Temple
  4863 | Temple   | Became a worshipper of Warmaster Okawaru
  4996 | D:7      | Reached XP level 9. HP: 32/79 MP: 8/8
  5452 | D:8      | Found Mov Maom's Assorted Antiques.
  5485 | D:8      | Bought an ebony war axe for 204 gold pieces
  5485 | D:8      | Bought a scroll labeled GUMOZX IPIUDUN for 24 gold pieces
  5485 | D:8      | Bought a grey potion for 21 gold pieces
  5485 | D:8      | Bought a scroll labeled TIG ROISEUMEI for 24 gold pieces
  5485 | D:8      | Bought a scroll labeled BUNER LEV TENO for 24 gold pieces
  5509 | D:8      | Identified the +7 war axe "Seohuts" {chop, rElec} (You bought it in a shop on level 8 of the Dungeon)
  5510 | D:8      | Noticed Maurice
  5533 | D:8      | Got a faintly glowing rapier
  5538 | D:8      | Killed Maurice
  5541 | D:8      | Identified the cursed +1 rapier of Callousness {flame, -Tele rF+++ SInv} (You found it on level 8 of the Dungeon)
  5551 | D:8      | Found Xuebeff's Armour Emporium.
  5576 | D:8      | Reached * piety under Okawaru
  5585 | D:8      | Found Utaff's Weapon Emporium.
  5643 | D:8      | Found Weasuam's Armour Shop.
  5687 | D:8      | Noticed a two-headed ogre
  5696 | D:8      | Slain by a two-headed ogre

Vault maps used:
D:1:      dpeg_arrival_ternary
D:2:      tgw_trog
D:3:      overflow_temple_1_default, nicolae_overflow_hidden_temple,
          first_bread, uniq_terence
D:4:      regret_index_temple_of_mockery, st_stairs_12
D:5:      kennysheep_spiral_hall, serial_shops, shop_statue, st_stairs_11,
          uniq_grinder
D:6:      led_sif_book, lemuel_round_altar, kennysheep_little_box,
          nicolae_overflow_crystal_walls, fedhas_altar_decomposition
D:7:      serial_glass, glass_columns_c, glass_columns_b, feat_on_display,
          item_on_display_a
D:8:      elyvilon_altar_4, serial_shops, shop, nicolae_shop_behind_doors, shop,
          nicolae_shop_stone, nicolae_shop_statue_plus, serial_ice,
          serial_ice_d, serial_ice_o, serial_ice_g, serial_ice_n, uniq_maurice
Temple:   dpeg_chambers_temple

Skill      XL: |  1  2  3  4  5  6  7  8  9 |
---------------+----------------------------+-----
Fighting       | 4 5 6 8 |  8.8
Maces & Flails | 3 4 5 6 7 8 |  8.1
Armour         | 4 5 6 7 8 |  8.5
Shields        | 4 5 6 8 |  8.8

Action                   |  1- 3 |  4- 6 |  7- 9 || total
-------------------------+-------+-------+-------++-------
Melee: Flail             |    85 |   101 |   152 ||   338
       Headbutt          |     9 |    22 |    46 ||    77
       War axe           |       |       |    38 ||    38
  Use: Scroll            |     4 |     9 |     5 ||    18
       Potion            |       |       |     1 ||     1
  Eat: Bread ration      |     1 |       |     1 ||     2
       Chunk             |       |    14 |     8 ||    22
Armor: Scale mail        |    41 |     6 |       ||    47
       Chain mail        |       |    31 |    10 ||    41
       Plate armour      |       |       |    59 ||    59
Dodge: Dodged            |    35 |    19 |    27 ||    81
Block: Shield            |    39 |    43 |    93 ||   175
